 Dungeon Crawl Stone Soup version 0.31-a0-198-g2ad674f65e (webtiles) character file.

Game seed: 780001395086112076

118 qw the Skirmisher (level 4, 0/25 HPs)
             Began as a Deep Elf Hunter on June 25, 2023.
             Slain by a human zombie (5 damage)
             ... in an ossuary.
             The game lasted 00:00:29 (1031 turns).

qw the Skirmisher (Deep Elf Hunter)                 Turns: 1031, Time: 00:00:29

Health: 0/25       AC:  3    Str: 10    XL:     4   Next: 72%
Magic:  6/6        EV: 12    Int: 14    God:
Gold:   36         SH:  0    Dex: 18    Spells: 3/3 levels left

rFire   . . .        Y - +0 shortbow (flame)
rCold   + . .        (shield currently unavailable)
rNeg    . . .        c - +0 leather armour
rPois   .            (no helmet)
rElec   .            (no cloak)
rCorr   .            (no gloves)
SInv    +            (no boots)
Will    .....        (no amulet)
Stlth   ++           h - ring of protection from cold
HPRegen 0.24/turn    j - ring of see invisible
MPRegen 0.10/turn

%: no passive effects
@: silenced
A: no striking features
a: no special abilities


You were in an ossuary.
You visited 1 branch of the dungeon, and saw 3 of its levels.
You also visited: Ossuary.

You collected 36 gold pieces.


   Skills:
 - Level 1.5 Fighting
 + Level 8.1 Ranged Weapons
 - Level 2.4 Dodging
 - Level 1.2 Stealth


You had 3 spell levels left.
You didn't know any spells.
Your spell library was empty.

Inventory:

Hand Weapons
 Y - a +0 shortbow of flaming (weapon)
Armour
 c - a +0 leather armour (worn)
Jewellery
 h - a ring of protection from cold (left hand)
 j - a ring of see invisible (right hand)
Potions
 e - a potion of might {unknown}
 f - a potion of berserk rage {unknown}
 i - a potion of enlightenment {unknown}

Dungeon Overview and Level Annotations

Branches:
Dungeon (4/15)            Ossuary (1/1)
 Temple: D:4-7

Altars:

Shops:
D:2 [


Message History

The human zombie hits you but does no damage.
You shoot an arrow. The arrow hits the human zombie.
The arrow burns the human zombie.
The human zombie is severely damaged.
The human zombie hits you.
You shoot an arrow. The arrow hits the human zombie.
The arrow burns the human zombie.
The human zombie is severely damaged.
The human zombie hits you.
You shoot an arrow.
The arrow closely misses the human zombie.
The arrow hits the human zombie but does no damage.
You shoot an arrow. The arrow hits the human zombie.
The arrow burns the human zombie.
The human zombie is almost destroyed.
The human zombie barely misses you.
You shoot an arrow. The arrow hits the human zombie!
The arrow burns the human zombie.
You destroy the human zombie!
The human zombie barely misses you.
Your Ranged Weapons skill increases to level 8!
You shoot an arrow.
The arrow hits the human zombie but does no damage.
The human zombie misses you.
You shoot an arrow. The arrow hits the human zombie.
The arrow burns the human zombie.
The human zombie is lightly damaged.
The human zombie barely misses you.
You shoot an arrow. The arrow hits the human zombie.
The arrow burns the human zombie.
The human zombie is moderately damaged.
The human zombie hits you.
You shoot an arrow. The arrow hits the human zombie!
The arrow burns the human zombie.
The human zombie is heavily damaged.
You shoot an arrow. The arrow hits the human zombie!
The arrow burns the human zombie.
The human zombie is severely damaged.
The human zombie hits you.
You die...

#..'.....##
#..'......#
#..'......##
#..#.......## .
####........### #..
#.....8....#####....
#....8#8.....'.....8
#.....8......Z......
##..........@'......
##.........###.....
##........# ...
########## #


You could see a human zombie.

Vanquished Creatures
  A human zombie (Ossuary)
  4 gnolls (D:4)
  An ufetubus (D:4)
  A dart slug (D:4)
  2 ball pythons (D:1)
  4 endoplasms
  A gnoll zombie (Ossuary)
  2 goblins (D:1)
  6 hobgoblins (D:1)
  2 jackals (D:1)
  A kobold (D:1)
  2 quokkas (D:1)
  4 bats (D:1)
  A frilled lizard (D:1)
  4 goblin zombies (Ossuary)
  6 rats (D:1)
42 creatures vanquished.

Vanquished Creatures (others)
  2 jackals (D:1)
2 creatures vanquished.

Grand Total: 44 creatures vanquished

Notes
Turn   | Place    | Note
-------+----------+-------------------------------------------
     0 | D:1      | qw the Deep Elf Hunter began the quest for the Orb.
     0 | D:1      | Reached XP level 1. HP: 12/12 MP: 3/3
     0 | D:1      | 0 ||| qw: Version: 0.3-a-22-g0ed2b0b
     0 | D:1      | 0 ||| qw: Game counter: 5420
     0 | D:1      | 0 ||| qw: Melee chars always use a shield: true
     0 | D:1      | 0 ||| qw: God list: Okawaru
     0 | D:1      | 0 ||| qw: Allow faded altars: false
     0 | D:1      | 0 ||| qw: Do Orc after clearing Dungeon:15 true
     0 | D:1      | 0 ||| qw: Do second Lair branch before Depths: true
     0 | D:1      | 0 ||| qw: Lair rune preference: random
     0 | D:1      | 0 ||| qw: Goals: Normal
     0 | D:1      | 0 ||| PLANNING D:1-11
    82 | D:1      | Reached XP level 2. HP: 16/16 MP: 4/4
    93 | D:1      | Reached skill level 6 in Ranged Weapons
   591 | D:1      | Reached XP level 3. HP: 18/20 MP: 5/5
   778 | D:1      | 778 ||| UPGRADING to ring of protection from cold.
   779 | D:1      | 779 ||| UPGRADING to ring of see invisible.
   780 | D:1      | 780 ||| READING scroll labelled QOGIXOE ZENUA.
   783 | D:1      | 783 ||| READING scroll labelled ITEKKESANA.
   784 | D:1      | 784 ||| READING scroll labelled ELOVYA JO ENLO.
   785 | D:1      | 785 ||| DROPPING scroll of butterflies.
   797 | D:2      | Found Oqaenoq's Antique Armour Emporium.
   797 | D:2      | You fall into a shaft and drop 2 floors!
   798 | D:4      | 798 ||| PLANNING OSSUARY
   841 | D:4      | Reached skill level 7 in Ranged Weapons
   843 | D:4      | 843 ||| Stepping ~*~*~tactically~*~*~ (outnumbered).
   850 | D:4      | HP: 5/20 [gnoll/+0 club (6)]
   852 | D:4      | Reached XP level 4. HP: 6/25 MP: 6/6
   970 | D:4      | Found a sand-covered staircase.
   971 | D:4      | 971 ||| READING scroll labelled QOBYOF JEOGUT.
   982 | Ossuary  | Entered an ossuary
  1027 | Ossuary  | Reached skill level 8 in Ranged Weapons
  1029 | Ossuary  | HP: 5/25 [human zombie (6)]
  1031 | Ossuary  | Slain by a human zombie

Levels and vault maps discovered:
D:1:      tarquinn_simple_flora_water_e, layout_loops_ring, lemuel_flame_loot_1
D:2:      layout_rooms, serial_shops, shop, chequers_serial_rivers_large_a,
          minmay_tromino_v4_b, uniq_crazy_yiuf_cottage
D:4:      layout_rooms, lightli_ossuary_entry_decrepit_ruins
Ossuary:  ossuary_hellmonk_silent_tomb

Skill      XL: |  1  2  3  4 |
---------------+-------------+-----
Ranged Weapons | 6 7 8 |  8.1
Fighting       | |  1.5
Dodging        | |  2.4
Stealth        | |  1.2

Action                     |  1- 3 |  4- 6 || total
---------------------------+-------+-------++-------
   Fire: Shortbow          |    93 |    33 ||   126
    Use: Scroll            |     3 |     1 ||     4
 Armour: Leather armour    |     9 |     2 ||    11
  Dodge: Dodged            |    20 |    11 ||    31

Table legend:
 A = Non-vault XP
 B = Vault XP
 C = Vault XP percentage of total XP
 D = Non-vault monster count
 E = Vault monster count
 F = Vault count percentage of total count
                 A         B        C        D         E       F
            +---------+---------+-------+---------+---------+-------
      Total |     119 |      50 |  29.6 |      36 |       6 |  14.3
            +---------+---------+-------+---------+---------+-------
        D:1 |      49 |       0 |   0.0 |      29 |       0 |   0.0
        D:4 |      70 |       0 |   0.0 |       7 |       0 |   0.0
    Ossuary |       0 |      50 | 100.0 |       0 |       6 | 100.0
            +---------+---------+-------+---------+---------+-------
